 Dungeon Crawl Stone Soup version 0.26-a0-651-gb41185065b (webtiles) character file.

Game seed: 9013598859392141210

632 gyozomisao the Carver (level 7, -3/50 HPs)
             Began as a Merfolk Gladiator on Sept 29, 2020.
             Slain by an orc priest
             ... wielding a +0 flail
              (8 damage)
             ... on level 4 of the Dungeon.
             The game lasted 00:10:57 (4335 turns).

gyozomisao the Carver (Merfolk Gladiator)           Turns: 4335, Time: 00:10:58

Health: -3/50      AC:  5    Str: 14    XL:     7   Next: 49%
Magic:  7/7        EV: 14    Int:  8    God:
Gold:   255        SH:  0    Dex: 17    Spells: 6/6 levels left

rFire    . . .     SeeInvis .   a - +1 long sword
rCold    . . .     Faith    .   (no shield)
rNeg     . . .     Spirit   .   b - +0 leather armour
rPois    .         Reflect  .   c - +0 helmet
rElec    .         Harm     .   (no cloak)
rCorr    .         Rampage  .   m - +0 pair of gloves
MR       .....                  (no boots)
Stlth    +.........             (no amulet)
HPRegen  0.16/turn              (no ring)
MPRegen  0.10/turn              (no ring)

@: confused
A: change form in water, swift swim, stealthy swim
a: no special abilities


You were on level 4 of the Dungeon.
You visited 1 branch of the dungeon, and saw 4 of its levels.

You collected 255 gold pieces.

Inventory:

Hand Weapons
 a - a +1 long sword (weapon)
Missiles
 d - 3 throwing nets
 f - 117 stones (quivered)
 n - 26 arrows
 q - 26 bolts
 s - 24 poisoned darts
Armour
 b - a +0 leather armour (worn)
 c - a +0 helmet (worn)
 e - a +2 leather armour of cold resistance
 k - a +0 plate armour
 m - a +0 pair of gloves (worn)
 t - a +0 ring mail
 w - a +0 kite shield
Jewellery
 u - an uncursed ring of ice
Scrolls
 g - 3 scrolls of remove curse
 i - 2 scrolls of identify
 o - 2 scrolls of immolation
Potions
 h - a potion of heal wounds
 l - a potion of curing


   Skills:
 - Level 2.1 Fighting
 + Level 9.3 Long Blades
 - Level 2.0 Throwing
 - Level 4.0 Dodging


You had 6 spell levels left.
You didn't know any spells.
Your spell library was empty.

Dungeon Overview and Level Annotations

Branches:
Dungeon (4/15)
 Temple: D:4-7

Altars:
Wu Jian
Yredelemnul
Zin


Message History

The orc wizard is severely wounded.
The orc wizard completely misses you.
The iguana bites you but does no damage.
The orc wizard gestures at you while chanting.
You are confused.
In your confused state, you trip and fall back down the stairs.
The orc priest looks more healthy.
The iguana bites you. The orc wizard closely misses you.
Unknown command.
The iguana bites you but does no damage.
The orc wizard completely misses you.
In your confused state, you trip and fall back down the stairs.
The iguana barely misses you. The orc priest barely misses you.
The orc wizard hits you with a cursed +0 dagger.
* * * LOW HITPOINT WARNING * * *
The iguana bites you!
* * * LOW HITPOINT WARNING * * *
The orc wizard misses you.
The orc priest hits you with a +0 flail!
You die...

#.#### .( ##...###
o.. ###...### ....
###...### .....
###.......##.(....
###...>..)#..l......
##.........###.......
##.........lo#
##.$...
###..........o@# .(..
#..............## ...
#...............# ##
##..............#
#..............#
#................#
##...........<.#.#
#.........####..#
########### .##


You could see an iguana, an orc priest and an orc wizard.

Vanquished Creatures
  Grinder (D:3)
  Sigmund (D:3)
  A hound (D:3)
  2 centaur skeletons (D:4)
  A worker ant (D:4)
  An orc wizard (D:2)
  4 adders
  2 worms
  A dart slug (D:1)
  4 leopard geckos
  10 orcs
  A ball python (D:3)
  12 bats
  4 giant cockroaches
  5 goblins (D:1)
  4 hobgoblins
  3 jackals (D:2)
  2 quokkas
  6 frilled lizards
  6 kobolds
  6 rats
77 creatures vanquished.

Vanquished Creatures (others)
  19 plants (D:3)
19 creatures vanquished.

Grand Total: 96 creatures vanquished

Notes
Turn   | Place    | Note
-------+----------+-------------------------------------------
     0 | D:1      | gyozomisao the Merfolk Gladiator began the quest for the
                  | Orb.
     0 | D:1      | Reached XP level 1. HP: 16/16 MP: 1/1
   168 | D:1      | Reached XP level 2. HP: 22/22 MP: 2/2
   176 | D:1      | Reached skill level 4 in Long Blades
   407 | D:1      | Reached XP level 3. HP: 21/27 MP: 3/3
  1375 | D:2      | Found a faded altar of an unknown god.
  1419 | D:2      | Reached skill level 5 in Long Blades
  2135 | D:3      | Reached XP level 4. HP: 29/33 MP: 4/4
  2415 | D:3      | Reached skill level 6 in Long Blades
  2553 | D:3      | Reached XP level 5. HP: 32/38 MP: 5/5
  2625 | D:3      | Noticed Sigmund
  2821 | D:3      | Killed Sigmund
  2821 | D:3      | Reached skill level 7 in Long Blades
  2821 | D:3      | Reached XP level 6. HP: 20/44 MP: 6/6
  3088 | D:3      | Found a glowing silver altar of Zin.
  3088 | D:3      | Found a basalt altar of Yredelemnul.
  3093 | D:3      | Found a faded altar of an unknown god.
  3095 | D:3      | Found a faded altar of an unknown god.
  3095 | D:3      | Noticed Grinder
  3095 | D:3      | Paralysed by Grinder for 5 turns
  3187 | D:3      | Found an ornate altar of the Wu Jian Council.
  3211 | D:3      | Killed Grinder
  3211 | D:3      | Reached skill level 8 in Long Blades
  3211 | D:3      | Reached XP level 7. HP: 20/50 MP: 7/7
  3653 | D:4      | Reached skill level 9 in Long Blades
  4335 | D:4      | Slain by an orc priest

Illustrated notes

Levels and vault maps discovered:
D:1:      dpeg_arrival_round_a, layout_basic, hangedman_decor_push,
          minmay_tetromino_l4
D:2:      layout_loops_ring, chequers_ecumenical_altar_twisty
D:3:      layout_basic, chequers_temple_overflow_minitemple,
          serial_bayou_lake_a, uniq_sigmund, uniq_grinder
D:4:      layout_cave_pods, minmay_temple_entry_junction,
          minmay_misc_feat_cross, uniq_crazy_yiuf_cottage

Skill      XL: |  1  2  3  4  5  6  7 |
---------------+----------------------+-----
Long Blades    | 4 5 6 7 8 9 |  9.3
Fighting       | |  2.1
Throwing       | |  2.0
Dodging        | |  4.0

Action                   |  1- 3 |  4- 6 |  7- 9 || total
-------------------------+-------+-------+-------++-------
Melee: Long sword        |   112 |    80 |    39 ||   231
       Tailslap          |       |     7 |       ||     7
Throw: Stone             |    78 |    26 |    12 ||   116
       Dart              |       |     3 |     8 ||    11
  Use: Potion            |       |     5 |       ||     5
       Scroll            |       |     6 |       ||     6
Armor: Leather armour    |    40 |     9 |    18 ||    67
Dodge: Dodged            |    74 |    51 |    40 ||   165
       Rpst.: Long sword |    19 |    13 |     8 ||    40

Table legend: (Time is in decaauts)
 A = Elapsed time spent in this place.
 B = Non-inter-level travel time spent in this place.
 C = Inter-level travel time spent in this place.
 D = Time resting spent in this place.
 E = Time spent auto-exploring this place.
 F = Levels seen in this place.
 G = Mean time per level.
                   A        B        C        D        E       F      G
               +--------+--------+--------+--------+--------+-----+--------+
         Total |   4316 |   4127 |    189 |   1162 |   2023 |   4 | 1079.0 |
       Dungeon |   4316 |   4127 |    189 |   1162 |   2023 |   4 | 1079.0 |
               +--------+--------+--------+--------+--------+-----+--------+

Top non-repeatable levels by time:
     D:3: 1875 daAuts
     D:1: 1245 daAuts
     D:2: 814 daAuts
     D:4: 380 daAuts
